 Dungeon Crawl Stone Soup version 0.19.1 (webtiles) character file.

2291 Ladykiller69 the Cleaver (level 9, -3/65 HPs)
             Began as a Formicid Fighter on Nov 25, 2016.
             Was an Initiate of Cheibriados.
             Killed by divine providence
             ... invoked by an orc priest
              (15 damage)
             ... on level 7 of the Dungeon.
             The game lasted 00:14:28 (6804 turns).

Ladykiller69 the Cleaver (Formicid Fighter)         Turns: 6804, Time: 00:14:29

Health: -3/65      AC: 13    Str: 22    XL:     9   Next: 67%
Magic:  9/9        EV:  6    Int: 17    God:    Cheibriados [......]
Gold:   331        SH: 11    Dex: 11    Spells: 0 memorised, 8 levels left

rFire  . . .     SeeInvis +     a - +0 war axe
rCold  . . .     Gourm    .     A - +0 plate armour
rNeg   . . .     Faith    .     c - +0 shield
rPois  .         Spirit   .     (helmet unavailable)
rElec  .         Reflect  .     (no cloak)
rCorr  .         Harm     .     B - +0 pair of gloves
MR     .....                    (no boots)
Stlth  ..........               (no amulet)
                                (no ring)
                                y - +5 ring of intelligence

@: very slow
A: permanent stasis, dig shafts and tunnels, four strong arms, antennae 3
a: Dig, Shaft Self, Bend Time, Renounce Religion


You were on level 7 of the Dungeon.
You worshipped Cheibriados.
Cheibriados was noncommittal.
You were not hungry.

You visited 2 branches of the dungeon, and saw 8 of its levels.

You collected 331 gold pieces.

Inventory:

Hand Weapons
 a - a +0 war axe (weapon)
 P - a +1 flail of protection
Missiles
 t - 313 stones (quivered)
 C - 4 tomahawks
Armour
 b - a +0 scale mail
 c - a +0 shield (worn)
 n - a +0 chain mail
 A - a +0 plate armour (worn)
 B - a +0 pair of gloves (worn)
Magical Staves
 I - an uncursed staff of wizardry
Jewellery
 y - a +5 ring of intelligence (left hand)
 F - a +2 ring of strength
Scrolls
 e - 3 scrolls of remove curse
 h - 3 scrolls of immolation {unknown}
 k - 2 scrolls of enchant armour {unknown}
 m - 2 scrolls of amnesia {unknown}
 p - a scroll of fog {unknown}
 s - a scroll of teleportation {unknown}
 u - 5 scrolls of identify {unknown}
 x - 6 scrolls of recharging {unknown}
 E - 6 scrolls of magic mapping {unknown}
 G - 2 scrolls of blinking {unknown}
 K - a scroll of torment {unknown}
 L - 4 scrolls of enchant weapon {unknown}
 N - a scroll of random uselessness {unknown}
 R - a scroll of silence {unknown}
Potions
 d - a potion of might
 g - 2 potions of curing {unknown}
 i - a potion of cancellation {unknown}
 j - a potion of magic {unknown}
 l - a potion of mutation {unknown}
 q - a potion of lignification {unknown}
 v - a potion of berserk rage
 w - a potion of heal wounds {unknown}
 z - a potion of flight {unknown}
 D - a potion of resistance {unknown}
 H - a potion of haste {unknown}
 J - a potion of invisibility {unknown}
 Q - a potion of degeneration {unknown}
Books
 O - a book of Clouds

   Spells                             Type                      Level
   a - Mephitic Cloud                 Conjuration/Poison/Air       3
   b - Conjure Flame                  Conjuration/Fire             3
   c - Poisonous Cloud                Conjuration/Poison/Air       6
   d - Freezing Cloud                 Conjuration/Ice/Air          6
   e - Ring of Flames                 Charms/Fire                  7
Comestibles
 f - 9 bread rations
 o - 3 meat rations
 r - 9 fruits
 M - a beef jerky


   Skills:
 - Level 4.0 Fighting
 * Level 9.9 Axes
 - Level 4.1 Armour
 + Level 8.9 Shields


You had 8 spell levels left.
You didn't know any spells.

Dungeon Overview and Level Annotations

Branches:
Dungeon (7/15)             Temple (1/1) D:6

Altars:
Cheibriados
Dithmenos
Elyvilon
Kikubaaqudgha
Makhleb
Qazlal
Ru
Sif Muna
Trog
Uskayaw
Zin


Innate Abilities, Weirdness & Mutations

You are under a permanent stasis effect.
You can dig through walls and to a lower floor.
Your four strong arms can wield two-handed weapons with a shield.
You have a pair of large antennae on your head. (SInv)


Message History

Beogh smites you!
* * * LOW HITPOINT WARNING * * *
You are too injured to fight recklessly!
You are too injured to fight recklessly!
Okay, then.
You closely miss the orc priest.
The orc priest is severely wounded.
You block the orc priest's attack.
Your plate armour prevents you from hitting the orc priest.
The orc priest is severely wounded.
The orc priest invokes the aid of Beogh against you.
You resist with significant effort.
Your plate armour prevents you from hitting the orc priest.
The orc priest is severely wounded.
The orc priest closely misses you.
You closely miss the orc priest.
The orc priest is severely wounded.
The orc priest mumbles some strange prayers to Beogh against you.
Beogh smites you!
You die...

{o...##.......... .
{{{..##.......... ..##
.....)........ ....##
#.##..........
#....##.##..........
#.....##..........
#.................
####...........#..
#@#.#.......#.###. ..
##o##.........###. ...
####.....#....... ....
#####.............
#...###.................
#...#E##.............#..
#...###..#..............
........####)##.........
.._..........#.........#


You could see an orc priest.

Vanquished Creatures
  A wyvern (D:6)
  A spriggan (D:7)
  An orc warrior (D:7)
  A phantom (D:6)
  4 ogres
  Blork the orc (D:6)
  2 bullfrogs
  A gnoll sergeant (D:6)
  4 wights (D:6)
  2 howler monkeys
  3 crimson imps
  A bullfrog zombie (D:5)
  2 jellies
  A hound (D:6)
  2 orc priests
  An orc wizard (D:6)
  2 bullfrog skeletons (D:4)
  A centaur skeleton (D:4)
  An iguana (D:3)
  7 worker ants
  3 hound zombies
  A hound skeleton (D:6)
  A worker ant zombie (D:7)
  A howler monkey zombie (D:5)
  9 gnolls (D:6)
  8 adders
  A shadow imp (D:5)
  2 oozes
  5 worms
  4 dart slugs
  5 leopard geckos
  20 orcs
  10 bats
  4 giant cockroaches
  6 goblins
  7 hobgoblins
  9 jackals
  2 quokkas
  3 ball pythons
  A ball python skeleton (D:4)
  A kobold (D:3)
  7 rats
149 creatures vanquished.

Notes
Turn   | Place    | Note
-------+----------+-------------------------------------------
     0 | D:1      | Ladykiller69 the Formicid Fighter began the quest for the Orb.
     0 | D:1      | Reached XP level 1. HP: 18/18 MP: 1/1
    32 | D:1      | Reached XP level 2. HP: 12/24 MP: 2/2
   451 | D:1      | Reached XP level 3. HP: 27/29 MP: 3/3
   687 | D:2      | Found a bloodstained altar of Trog.
   719 | D:2      | Reached skill level 3 in Axes
   837 | D:2      | Reached XP level 4. HP: 31/37 MP: 4/4
  1643 | D:2      | Reached XP level 5. HP: 22/42 MP: 5/5
  2486 | D:3      | HP: 1/42 [iguana (2)]
  2487 | D:3      | Reached skill level 4 in Axes
  2924 | D:4      | Reached XP level 6. HP: 46/48 MP: 6/6
  3068 | D:4      | Noticed an ogre
  3215 | D:4      | Reached skill level 5 in Axes
  3215 | D:4      | Reached skill level 5 in Shields
  3315 | D:4      | Reached XP level 7. HP: 51/54 MP: 7/7
  3591 | D:4      | Reached skill level 6 in Axes
  3798 | D:5      | Entered Level 5 of the Dungeon
  3906 | D:5      | Reached XP level 8. HP: 12/60 MP: 8/8
  4498 | D:5      | Reached skill level 7 in Axes
  5016 | D:6      | Noticed a wyvern
  5033 | D:6      | Killed a wyvern
  5033 | D:6      | Reached skill level 8 in Axes
  5300 | D:6      | Reached XP level 9. HP: 65/65 MP: 9/9
  5721 | D:6      | Noticed Blork the orc
  5739 | D:6      | Killed Blork the orc
  5739 | D:6      | Reached skill level 9 in Axes
  5954 | D:6      | Found a staircase to the Ecumenical Temple.
  5987 | Temple   | Entered the Ecumenical Temple
  5992 | Temple   | Became a worshipper of Cheibriados the Contemplative
  6482 | D:7      | Found a stormy altar of Qazlal.
  6804 | D:7      | Killed from afar by an orc priest

Skill      XL: |  1  2  3  4  5  6  7  8  9 |
---------------+----------------------------+-----
Axes           | 3 4 5 6 8 9 |  9.9
Shields        | 4 5 6 7 8 |  8.9
Fighting       | 4 |  4.0
Armour         | 4 |  4.1

Action                   |  1- 3 |  4- 6 |  7- 9 || total
-------------------------+-------+-------+-------++-------
Melee: War axe           |   109 |   245 |   446 ||   800
Throw: Stone             |       |     2 |     6 ||     8
 Abil: Dig               |       |     3 |     8 ||    11
  Use: Scroll            |       |       |     1 ||     1
  Eat: Chunk             |       |     7 |    13 ||    20
       Royal jelly       |       |     1 |       ||     1
Armor: Scale mail        |    33 |       |       ||    33
       Chain mail        |    45 |   105 |       ||   150
       Plate armour      |       |    43 |   155 ||   198
Dodge: Dodged            |    30 |    67 |    57 ||   154
Block: Shield            |    62 |   153 |   179 ||   394
